Map: Beckett Industries LE

Players

Rex - Winner!

  • Race: Zerg Zerg

Nice

  • Race: Protoss Protoss

VOD

Have the link to the VOD?

Description

Time

  • Played on: Oct. 1, 2021, 9:38 a.m.
  • Length: 6:23
Show
View Real Time Build Order
Export as new Build Order

Rex Zerg - Winner!

Build Orders: Pool First 

Get SALT Encoding   

  12  0:00  Drone  
  13  0:12  Overlord  
  13  0:17  Drone  
  14  0:30  Drone x2  
  16  0:41  Spawning Pool  
  15  0:46  Drone  
  16  0:50  Drone  
  17  1:13  Hatchery  
  17  1:17  Drone  
  17  1:24  Extractor  
  16  1:28  Zergling x6  
  16  1:32  Extractor  
  18  1:41  Queen  
  18  1:45  Drone  
  21  1:51  Drone  
  22  2:01  Overlord  
  22  2:19  Queen  
  24  2:29  Drone x2  
  26  2:30  Drone  
  26  2:33  Metabolic Boost  
  25  2:53  Hatchery  
  24  3:02  Drone x3  
  26  3:07  Zergling x4  
  26  3:08  Zergling x2  
  26  3:12  Zergling x2  
  30  3:17  Overlord  
  30  3:22  Zergling x2  
  30  3:23  Zergling x2  
  32  3:31  Drone  
  33  3:36  Drone x4  
  37  3:41  Drone  
  37  3:47  Drone x2  
  40  3:52  Roach Warren  
  40  3:55  Overlord  
  38  4:07  Drone x5  
  38  4:09  Drone  
  43  4:13  Drone x2  
  45  4:19  Drone x2  
  45  4:22  Extractor  
  45  4:25  Drone x2  
  45  4:27  Queen  
  45  4:30  Overlord  
  49  4:36  Zergling x4  
  52  4:38  Zergling x6  
  52  4:43  Overlord  
  52  4:45  Overlord  
  54  4:48  Overlord  
  54  5:03  Roach x6  
  54  5:06  Roach  
  68  5:08  Roach  
  68  5:11  Zergling x6  
  68  5:14  Zergling x2  
  74  5:15  Zergling x4  
  74  5:17  Zergling x2  
  74  5:19  Zergling x2  
  75  5:29  Zergling x6  
  75  5:30  Zergling x2  
  75  5:38  Zergling x2  
  75  5:40  Zergling x2  
  76  5:43  Zergling x10  
  76  5:44  Zergling x2  
  76  5:46  Zergling x2  
  76  5:47  Ravager, Overlord  
  76  5:49  Zergling x2  
  81  5:56  Zergling x2, Overlord  
  79  6:01  Zergling x2  
Show
View Real Time Build Order
Export as new Build Order

Nice Protoss 

Build Orders:  

Get SALT Encoding   

  12  0:00  Probe  
  13  0:12  Probe  
  14  0:20  Pylon  
  14  0:24  Probe  
  15  0:41  Gateway  
  16  0:46  Pylon  
  16  0:49  Probe (Chrono Boost)  
  16  0:59  Assimilator, Probe (Chrono Boost)  
  16  1:03  Probe (Chrono Boost)  
  18  1:15  Probe  
  19  1:27  Probe  
  19  1:31  Zealot (Chrono Boost)  
  20  1:35  Cybernetics Core  
  20  1:39  Probe  
  23  1:40  Pylon  
  23  1:58  Nexus  
  23  2:04  Probe  
  24  2:09  Adept (Chrono Boost)  
  26  2:16  Probe  
  27  2:29  Probe  
  26  2:31  Adept  
  26  2:33  Warp Gate  
  27  2:41  Probe  
  28  2:53  Probe  
  29  3:01  Stalker  
  31  3:06  Assimilator  
  31  3:08  Pylon  
  31  3:10  Probe (Chrono Boost)  
  31  3:12  Probe (Chrono Boost)  
  33  3:18  Gateway  
  34  3:21  Probe (Chrono Boost)  
  34  3:22  Probe (Chrono Boost)  
  34  3:25  Gateway, Probe (Chrono Boost)  
  34  3:27  Probe (Chrono Boost)  
  37  3:36  Probe  
  37  3:39  Probe  
  39  3:46  Adept  
  41  3:48  Probe  
  41  3:51  Probe  
  41  3:54  Pylon  
  43  4:01  Probe  
  40  4:03  Probe  
  40  4:08  Gateway  
  41  4:13  Probe (Chrono Boost)  
  41  4:15  Probe (Chrono Boost)  
  41  4:21  Stalker  
  45  4:24  Probe (Chrono Boost)  
  45  4:25  Probe (Chrono Boost)  
  45  4:26  Adept x2  
  45  4:28  Probe (Chrono Boost)  
  45  4:30  Probe (Chrono Boost)  
  51  4:39  Probe  
  51  4:43  Pylon, Forge  
  53  4:46  Twilight Council  
  53  4:48  Nexus  
  53  4:50  Probe  
  53  4:51  Probe  
  54  5:00  Assimilator  
  54  5:02  Shield Battery  
  54  5:03  Sentry  
  54  5:04  Sentry, Pylon  
  54  5:05  Sentry  
  54  5:06  Probe  
  61  5:08  Probe  
  62  5:18  Probe  
  62  5:19  Shield Battery  
  63  5:22  Probe  
  64  5:30  Probe  
  64  5:34  Probe  
  66  5:35  Zealot x2  
  66  5:36  Zealot  
  73  5:42  Probe  
  73  5:46  Probe  
  73  5:47  Dark Shrine  
  64  5:55  Probe  
  64  5:56  Stalker x2  
  64  5:57  Stalker  
  69  5:58  Probe  
  68  6:07  Probe  
Tags
 
Add a new tag
Caveats
  • Supply blocks, unpowered buildings, or Contaminate may cause inaccurate times.
  • Supply counts are checked every 10 seconds.